[Event "Summer Prague Open-A 2024"]
[Site "Prague"]
[Date "2024.08.02"]
[Round "1.24"]
[White "Svadlenka, Michal"]
[Black "Stocek, Martin"]
[Result "0-1"]
[Annotator "ChessBase"]
[ECO "B18"]
[WhiteElo "1886"]
[BlackElo "2176"]
[PlyCount "189"]
[EventDate "2024.08.02"]
[EventType "swiss"]
[EventCountry "CZE"]
[SourceTitle "playchess.com"]
[Source "ChessBase"]
[SourceQuality "1"]
[TimeControl "40/5400+30:1800+30"]

1. e4 c6 2. d4 d5 3. Nc3 dxe4 4. Nxe4 Bf5 5. Ng3 Bg6 6. Nf3 Nd7 7. Nh4 e6 8. Nxg6 hxg6 9. Bd3 Qc7 10. c3 Ngf6 11. h3 c5 12. dxc5 O-O-O 13. Qe2 Bxc5 14. Ne4 Rh5 15. O-O Nd5 16. Nxc5 Nxc5 17. Bc2 Rdh8 18. a3 g5 19. Qf3 Nf6 20. Qg3 g4 21. Qxc7+ Kxc7 22. Re1 gxh3 23. Bf4+ Kc8 24. b4 Ncd7 25. Be4 Nxe4 26. Rxe4 hxg2 27. Kxg2 Rd5 28. Rc4+ Kd8 29. Be3 a6 30. a4 Ne5 31. Bb6+ Ke7 32. Rc7+ Rd7 33. b5 Rh4 34. bxa6 bxa6 35. Rc8 Rc4 36. Rxc4 Nxc4 37. Bc5+ Ke8 38. Rb1 Rc7 39. Rb8+ Kd7 40. Bf8 g6 41. Bg7 Kc6 42. Kf3 Nb6 43. a5 Nc4 44. Bd4 Nxa5 45. Rb6+ Kd5 46. Rxa6 Nb3 47. Bf6 e5 48. Kg4 Rc4+ 49. Kg5 Nc5 50. Ra5 Ke6 51. f3 Rxc3 52. Bg7 Rc1 53. Kg4 Rg1+ 54. Kh3 Nd7 55. Kh2 Rg5 56. Ra6+ Ke7 57. Ra7 Kd6 58. Ra6+ Kd5 59. Ra7 Kc6 60. Ra6+ Kb7 61. Rd6 Kc7 62. Rd5 Kc6 63. Ra5 Nc5 64. Bf8 Ne6 65. Be7 Rf5 66. Kg3 Nd4 67. Ra3 Kd5 68. Bd8 Nc6 69. Bc7 e4 70. fxe4+ Kxe4 71. Ra8 Nd4 72. Re8+ Ne6 73. Bb6 Rg5+ 74. Kf2 Rb5 75. Ba7 Kf4 76. Bb8+ Kg4 77. Bd6 Rb2+ 78. Ke3 g5 79. Re7 Rb3+ 80. Kd2 Rf3 81. Ra7 f5 82. Ra1 f4 83. Re1 Nd4 84. Rd1 Rb3 85. Ke1 Nf3+ 86. Kf1 Rb2 87. Bc5 Kg3 88. Rc1 Rh2 89. Rc3 Rh1+ 90. Ke2 Re1+ 91. Kd3 g4 92. Rc2 Re8 93. Bf2+ Kh3 94. Bb6 Ne1+ 95. Kd4 0-1

[Event "Summer Prague Open-A 2024"]
[Site "Prague"]
[Date "2024.08.02"]
[Round "1.25"]
[White "Toure, Vasanth"]
[Black "Madle, Robin"]
[Result "1-0"]
[Annotator "ChessBase"]
[ECO "B13"]
[WhiteElo "2176"]
[BlackElo "1884"]
[PlyCount "83"]
[EventDate "2024.08.02"]
[EventType "swiss"]
[EventCountry "CZE"]
[SourceTitle "playchess.com"]
[Source "ChessBase"]
[SourceQuality "1"]
[TimeControl "40/5400+30:1800+30"]

1. e4 c6 2. d4 d5 3. exd5 cxd5 4. Bd3 Nf6 5. Nf3 Bg4 6. O-O e6 7. Re1 Be7 8. Bf4 Nc6 9. c3 O-O 10. Nbd2 Bd6 11. Bxd6 Qxd6 12. Qb1 Bxf3 13. Nxf3 Qf4 14. Qc2 g6 15. Qe2 a6 16. a4 Kg7 17. Nd2 h5 18. Qe3 Qc7 19. h3 Rfe8 20. f4 Ne7 21. Nf3 Nf5 22. Qe5 Qxe5 23. fxe5 Nd7 24. Kf2 b6 25. g4 hxg4 26. hxg4 Nh6 27. Kg3 a5 28. Bb5 Re7 29. Ng5 Nf8 30. Rh1 Raa7 31. Raf1 Nd7 32. Rh2 f5 33. Rfh1 Nf7 34. Rh7+ Kf8 35. Rxf7+ Rxf7 36. Nxf7 Kxf7 37. Rh7+ Ke8 38. Rg7 fxg4 39. Kxg4 Kd8 40. Rxd7+ Rxd7 41. Bxd7 Kxd7 42. Kg5 1-0

[Event "Summer Prague Open-A 2024"]
[Site "Prague"]
[Date "2024.08.02"]
[Round "1.26"]
[White "Mohammad Abdulrahman, Alawadhi"]
[Black "Pujari, Rucha"]
[Result "0-1"]
[Annotator "ChessBase"]
[ECO "C95"]
[WhiteElo "1883"]
[BlackElo "2175"]
[PlyCount "102"]
[EventDate "2024.08.02"]
[EventType "swiss"]
[EventCountry "CZE"]
[SourceTitle "playchess.com"]
[Source "ChessBase"]
[SourceQuality "1"]
[TimeControl "40/5400+30:1800+30"]

1. e4 e5 2. Nf3 Nc6 3. Bb5 a6 4. Ba4 Nf6 5. O-O Be7 6. Re1 b5 7. Bb3 d6 8. c3 O-O 9. h3 Nb8 10. d4 Nbd7 11. Nbd2 Bb7 12. Bc2 Re8 13. Nf1 Bf8 14. Ng3 a5 15. a3 a4 16. Bd3 Ba6 17. Qc2 c5 18. dxe5 dxe5 19. c4 b4 20. b3 axb3 21. Qxb3 Nb8 22. axb4 cxb4 23. Nf5 Nfd7 24. Be3 g6 25. Ng3 Nc6 26. Bf1 Qc7 27. Red1 Reb8 28. Nd2 Bc5 29. Qd3 Bxe3 30. Qxe3 Nd4 31. Rab1 Nc5 32. Ne2 Nc2 33. Qf3 Na3 34. Rxb4 Rxb4 35. Qxa3 Ra4 36. Qc3 Bb7 37. f3 Ra3 38. Qc2 Ra2 39. Qb1 Ra1 40. Qxa1 Rxa1 41. Rxa1 Qb6 42. Rb1 Qa7 43. Kh2 Qa2 44. Rb5 Qxd2 45. Rxc5 Qd1 46. Kg1 Ba6 47. Kf2 Qb3 48. Rxe5 Bxc4 49. f4 h5 50. Ng1 Qb6+ 51. Kg3 Bxf1 0-1

[Event "Summer Prague Open-A 2024"]
[Site "Prague"]
[Date "2024.08.02"]
[Round "1.27"]
[White "Czaeczine, Anne"]
[Black "Kolbusovsky, Michal"]
[Result "1-0"]
[Annotator "ChessBase"]
[ECO "B34"]
[WhiteElo "2172"]
[BlackElo "1879"]
[PlyCount "139"]
[EventDate "2024.08.02"]
[EventType "swiss"]
[EventCountry "CZE"]
[SourceTitle "playchess.com"]
[Source "ChessBase"]
[SourceQuality "1"]
[TimeControl "40/5400+30:1800+30"]

1. e4 c5 2. Nf3 Nc6 3. d4 cxd4 4. Nxd4 g6 5. Nxc6 bxc6 6. Qd4 Nf6 7. e5 Nd5 8. Nc3 Nxc3 9. Qxc3 Bg7 10. Bc4 O-O 11. O-O d5 12. Be2 Bf5 13. Rd1 Qc8 14. Bf4 Rd8 15. Rd2 Qe6 16. Re1 Rd7 17. b3 f6 18. exf6 Qxf6 19. Qg3 e5 20. Bg5 Qf8 21. c3 e4 22. Qe3 h6 23. Bh4 g5 24. Bg3 Rad8 25. Red1 Bf6 26. h3 Qg7 27. Rc2 d4 28. cxd4 Bxd4 29. Qc1 e3 30. Rc4 exf2+ 31. Bxf2 Bxf2+ 32. Kxf2 Rxd1 33. Bxd1 Bd3 34. Ra4 Qf6+ 35. Bf3 Re8 36. Kg1 Bb5 37. Rg4 Kg7 38. a4 Bd3 39. Qc5 Qa1+ 40. Kh2 Re1 41. Qd4+ Qxd4 42. Rxd4 Bc2 43. Bxc6 Bxb3 44. Rd7+ Kg6 45. Rxa7 g4 46. hxg4 Kg5 47. Kg3 Ra1 48. Ra6 Ra3 49. Ra5+ Kf6 50. Kf4 Bc4 51. Rh5 Kg7 52. g5 hxg5+ 53. Rxg5+ Kf6 54. Rc5 Be6 55. a5 Ke7 56. Ke5 Bg4 57. Be4 Kd7 58. Rb5 Kc7 59. Rb7+ Kc8 60. Ra7 Kb8 61. Ra8+ Kc7 62. Kf4 Bd7 63. Ra7+ Kd6 64. Ra6+ Kc7 65. Ke5 Bc8 66. Rc6+ Kd7 67. Rc5 Kd8 68. Kd6 Ra4 69. Bd5 Rg4 70. Rxc8+ 1-0

[Event "Summer Prague Open-A 2024"]
[Site "Prague"]
[Date "2024.08.02"]
[Round "1.28"]
[White "Dzoba, Demian"]
[Black "Zvolensky, David"]
[Result "1/2-1/2"]
[Annotator "ChessBase"]
[ECO "A58"]
[WhiteElo "1878"]
[BlackElo "2167"]
[PlyCount "82"]
[EventDate "2024.08.02"]
[EventType "swiss"]
[EventCountry "CZE"]
[SourceTitle "playchess.com"]
[Source "ChessBase"]
[SourceQuality "1"]
[TimeControl "40/5400+30:1800+30"]

1. d4 Nf6 2. c4 c5 3. d5 b5 4. cxb5 a6 5. bxa6 g6 6. Nc3 Qa5 7. Bd2 Bxa6 8. Ne4 Qb6 9. Nxf6+ exf6 10. Bc3 Bg7 11. Nf3 O-O 12. e3 Bxf1 13. Kxf1 d6 14. g3 Nd7 15. Kg2 Qb7 16. e4 Rfe8 17. Re1 Nb6 18. a4 f5 19. exf5 Bxc3 20. Rxe8+ Rxe8 21. bxc3 gxf5 22. Qb1 Re7 23. Qxf5 Qxd5 24. Qg4+ Kf8 25. a5 Nc4 26. Kg1 Re4 27. Qc8+ Kg7 28. a6 Re6 29. a7 Nb6 30. a8=Q Nxa8 31. Qxa8 Qd3 32. Ng5 Re5 33. Qf3 Qg6 34. h4 Rf5 35. Qe4 Rxg5 36. Qc6 Re5 37. Rd1 Re6 38. Qf3 Rf6 39. Qe3 Re6 40. Qf3 Rf6 41. Qe3 Re6 1/2-1/2